Map: Corrosion EC

Players

TheAcolyte

  • Race: Zerg Zerg
  • League: Diamond
  • Spawn Location: 5:00

HoldTheDoor - Winner!

  • Race: Protoss Protoss
  • League: Diamond
  • Spawn Location: 11:00

VOD

Have the link to the VOD?

Description

Time

  • Played on: July 8, 2018, 11:53 a.m.
  • Length: 8:24
Show
View Real Time Build Order
Export as new Build Order

TheAcolyte Zerg 

Build Orders: Hatch First 

Get SALT Encoding   

  12  0:03  Drone  
  13  0:12  Overlord  
  13  0:20  Drone  
  14  0:30  Drone x2  
  16  0:37  Drone  
  17  0:55  Hatchery  
  16  0:57  Drone  
  17  1:10  Spawning Pool  
  16  1:14  Drone  
  17  1:23  Drone  
  17  1:24  Drone  
  19  1:31  Overlord  
  19  1:40  Extractor, Drone  
  19  1:50  Overlord  
  19  2:05  Drone  
  20  2:10  Queen  
  20  2:11  Queen  
  24  2:16  Drone x2  
  26  2:23  Roach Warren  
  25  2:30  Drone x3  
  28  2:40  Spine Crawler  
  27  2:44  Spine Crawler  
  26  3:02  Hatchery  
  25  3:06  Drone x2  
  25  3:12  Roach  
  27  3:14  Roach  
  27  3:26  Roach  
  29  3:27  Roach  
  29  3:29  Drone  
  30  3:49  Drone x2  
  30  3:50  Drone  
  30  3:51  Drone  
  30  3:52  Drone  
  30  3:53  Drone x2  
  37  4:03  Queen  
  39  4:16  Extractor  
  38  4:19  Lair  
  38  4:20  Drone x2  
  38  4:21  Drone  
  41  4:25  Drone x2  
  43  4:38  Overlord  
  43  4:39  Overlord  
  43  4:42  Drone x2  
  43  4:45  Drone  
  46  4:48  Queen  
  48  5:02  Drone x3  
  48  5:05  Drone x2  
  53  5:08  Drone x3  
  53  5:12  Extractor  
  55  5:14  Extractor, Drone x2  
  55  5:15  Drone  
  57  5:27  Drone  
  58  5:28  Overlord  
  58  5:30  Overlord  
  58  5:32  Overlord  
  58  5:36  Hatchery  
  57  5:45  Glial Reconstitution  
  57  5:48  Roach  
  57  5:49  Roach x5  
  69  5:57  Drone x3  
  69  5:58  Evolution Chamber  
  69  6:01  Drone x2  
  69  6:02  Evolution Chamber  
  72  6:16  Drone x5  
  77  6:22  Roach  
  77  6:23  Roach x2  
  82  6:29  Zerg Missile Weapons Level 1  
  73  6:33  Roach x4  
  78  6:51  Roach  
  78  6:52  Roach  
  82  6:54  Overlord x4  
  82  7:12  Overlord x3  
  82  7:14  Roach  
  82  7:15  Roach x4  
  90  7:30  Roach x4  
  90  7:31  Roach x3  
  90  7:33  Ravager x2  
  90  7:36  Ravager  
  100  7:49  Roach x4  
  105  7:57  Roach  
  105  7:58  Roach x2  
Show
View Real Time Build Order
Export as new Build Order

HoldTheDoor Protoss - Winner!

Build Orders:  

Get SALT Encoding   

  12  0:00  Probe  
  13  0:13  Probe  
  14  0:19  Pylon  
  14  0:25  Probe  
  15  0:36  Probe  
  15  0:39  Gateway  
  16  0:45  Assimilator, Probe  
  17  0:53  Probe  
  17  0:55  Assimilator  
  18  1:12  Probe  
  19  1:21  Gateway  
  19  1:24  Probe  
  20  1:29  Cybernetics Core  
  20  1:37  Probe  
  21  1:42  Pylon  
  21  1:50  Probe  
  22  2:00  Adept  
  22  2:01  Adept  
  22  2:13  Warp Gate  
  26  2:17  Pylon  
  26  2:26  Adept x2  
  30  2:45  Nexus  
  30  2:59  Probe  
  29  3:42  Twilight Council, Probe  
  30  3:51  Pylon  
  30  3:54  Probe  
  31  3:57  Probe  
  32  4:06  Probe  
  33  4:12  Robotics Facility, Probe, Resonating Glaives  
  34  4:19  Probe  
  34  4:23  Gateway  
  35  4:25  Sentry x2, Pylon  
  35  4:26  Probe  
  35  4:31  Probe  
  41  4:34  Pylon  
  41  4:38  Probe  
  41  4:43  Probe  
  43  4:49  Warp Prism  
  43  4:50  Probe, Pylon  
  44  4:55  Sentry  
  48  5:05  Adept  
  50  5:17  Probe, Gateway  
  50  5:18  Probe, Gateway  
  50  5:20  Gateway  
  52  5:22  Gateway  
  52  5:26  Gateway  
  52  5:30  Gateway  
  52  5:34  Probe, Pylon  
  53  5:39  Adept  
  53  5:41  Adept  
  57  5:56  Adept  
  59  6:36  Immortal  
  59  6:37  Adept  
  59  6:38  Adept x2  
  69  6:54  Probe x2  
  71  6:55  Gateway  
  71  6:57  Pylon  
  71  7:13  Adept x2  
  71  7:14  Adept x3  
  81  7:25  Adept  
  81  7:27  Adept x3  
  69  7:54  Stalker x4  
  69  7:55  Stalker x5  
  83  8:07  Stalker  
Tags
 
Add a new tag
Caveats
  • Supply blocks, unpowered buildings, or Contaminate may cause inaccurate times.
  • Supply counts are checked every 10 seconds.